 Dungeon Crawl Stone Soup version 0.31-a0-185-g9dded2c639 (webtiles) character file.

Game seed: 2485740686513825731

21 qw the Shooter (level 2, 0/14 (16) HPs)
             Began as a Deep Elf Hunter on June 22, 2023.
             Succumbed to their own poison gas
             ... on level 1 of the Dungeon.
             The game lasted 00:00:17 (795 turns).

qw the Shooter (Deep Elf Hunter)                     Turns: 795, Time: 00:00:18

HP:   0/14 (16)     AC:  6    Str:  8    XL:     2   Next: 65%
MP:   4/4           EV: 10    Int: 13    God:
Gold: 28            SH:  0    Dex: 18    Spells: 1/1 levels left

rFire   . . .        Y - +1 shortbow (drain)
rCold   . . .        (shield currently unavailable)
rNeg    . . .        j - +0 ring mail
rPois   .            (no helmet)
rElec   .            (no cloak)
rCorr   .            l - +0 pair of gloves
SInv    .            (no boots)
Will    .....        (no amulet)
Stlth   +            (no ring)
HPRegen 0.22/turn    (no ring)
MPRegen 0.09/turn

%: no passive effects
@: lethally poisoned (0 -> -12), heavily drained
A: no striking features
a: no special abilities


You were on level 1 of the Dungeon.
You visited 1 branch of the dungeon, and saw 1 of its levels.

You collected 28 gold pieces.


   Skills:
 - Level 1.5 Fighting
 + Level 6.4 Ranged Weapons
 - Level 2.4 Dodging
 - Level 1.2 Stealth


You had one spell level left.
You didn't know any spells.
Your spell library was empty.

Inventory:

Hand Weapons
 Y - a +1 shortbow of draining (weapon)
Armour
 j - a +0 ring mail (worn)
 l - a +0 pair of gloves (worn)
Potions
 i - a potion of haste {unknown}

Dungeon Overview and Level Annotations

Branches:
Dungeon (1/15)

Altars:


Message History

It is a scroll of brand weapon.
Your +0 shortbow craves living souls!
Y - a +0 shortbow of draining (weapon)
Done exploring.
789 ||| READING 2 scrolls labelled BIPY JIMUE.
The air fills with toxic fumes!
As you read the scroll labelled BIPY JIMUE, it crumbles to dust.
It was a scroll of poison.
Done exploring.
790 ||| READING scroll labelled VENAUGHILE.
As you read the scroll labelled VENAUGHILE, it crumbles to dust.
It is a scroll of enchant weapon.
Your +0 shortbow of draining glows red for a moment.
Done exploring.
791 ||| READING scroll labelled ZALOEQI KAOF.
As you read the scroll labelled ZALOEQI KAOF, it dissolves into smoke.
It was a scroll of fog.
Done exploring.
792 ||| DROPPING scroll of butterflies.
You drop a scroll of butterflies.
Done exploring.
793 ||| DROPPING scroll of poison.
You drop a scroll of poison.
Done exploring.
(D) Dungeon
Where to? (* - list waypoints, ? - help)
What level of the Dungeon? (default 1, ? - help) Sorry, I don't know how to get there.
Enter note:
Enter note:
Enter note:
Enter note:
Enter note:
Enter note:
Enter note:
Enter note:
Enter note: Really walk into that cloud of poison gas?
You are engulfed in poison gas.
You are lethally poisoned!
Ouch! That really hurt!
You feel very sick.
795 ||| Stepping ~*~*~tactically~*~*~ (cloud).
You die...

###############.##.
#¤..............##.
#¤#############.##.
#0# #..........###
#0# #%##########
#¤# #.# #¤# #.#
#0## #.# #¤@# #.#
##¤# #.# #¤# #.#
#0# #.# #¤# #.# #0#
#.## #¤# #..# #.#
##.# #.# #.#


There were no monsters in sight!

Vanquished Creatures
  2 bats (D:1)
  An endoplasm (D:1)
  2 giant cockroaches (D:1)
  2 hobgoblins (D:1)
  2 jackals (D:1)
  2 kobolds (D:1)
  A quokka (D:1)
  A ball python (D:1)
  3 frilled lizards (D:1)
  A goblin (D:1)
  2 rats (D:1)
19 creatures vanquished.

Notes
Turn   | Place    | Note
-------+----------+-------------------------------------------
     0 | D:1      | qw the Deep Elf Hunter began the quest for the Orb.
     0 | D:1      | Reached XP level 1. HP: 12/12 MP: 3/3
     0 | D:1      | 0 ||| qw: Version: 0.3-a-9-g12657ce
     0 | D:1      | 0 ||| qw: Game counter: 1919
     0 | D:1      | 0 ||| qw: Always use a shield: true
     0 | D:1      | 0 ||| qw: God list: Okawaru
     0 | D:1      | 0 ||| qw: Allow faded altars: false
     0 | D:1      | 0 ||| qw: Do Orc after D:15 true
     0 | D:1      | 0 ||| qw: Do second Lair branch before Depths: true
     0 | D:1      | 0 ||| qw: Lair rune preference: random
     0 | D:1      | 0 ||| qw: Plans: Normal
     0 | D:1      | 0 ||| PLANNING D:1-11
   218 | D:1      | Reached skill level 6 in Ranged Weapons
   218 | D:1      | Reached XP level 2. HP: 16/16 MP: 4/4
   768 | D:1      | 768 ||| UPGRADING to +0 ring mail.
   778 | D:1      | 778 ||| DROPPING +0 leather armour.
   779 | D:1      | 779 ||| UPGRADING to +0 pair of gloves.
   784 | D:1      | 784 ||| READING scroll labelled LASEONLAOXE.
   787 | D:1      | 787 ||| READING scroll labelled MOHOEM COUCID.
   788 | D:1      | 788 ||| READING scroll labelled ZAFERPH TIGE.
   789 | D:1      | 789 ||| READING 2 scrolls labelled BIPY JIMUE.
   790 | D:1      | 790 ||| READING scroll labelled VENAUGHILE.
   791 | D:1      | 791 ||| READING scroll labelled ZALOEQI KAOF.
   792 | D:1      | 792 ||| DROPPING scroll of butterflies.
   793 | D:1      | 793 ||| DROPPING scroll of poison.
   794 | D:1      | HP: 2/14 [poisoned by you (poison gas)]
   795 | D:1      | 795 ||| Stepping ~*~*~tactically~*~*~ (cloud).
   795 | D:1      | Succumbed to their own poison gas

Levels and vault maps discovered:
D:1:      onia_arrival_mini_maze_b, layout_loops_ring, minmay_misc_feat_alley,
          nicolae_figureground_pulse

Skill      XL: |  1 |
---------------+----+-----
Ranged Weapons | 6 |  6.4
Fighting       | |  1.5
Dodging        | |  2.4
Stealth        | |  1.2

Action                     || total
---------------------------++-------
   Fire: Shortbow          ||    51
    Use: Scroll            ||     6
 Armour: Leather armour    ||     3
  Dodge: Dodged            ||     7

Table legend:
 A = Non-vault XP
 B = Vault XP
 C = Vault XP percentage of total XP
 D = Non-vault monster count
 E = Vault monster count
 F = Vault count percentage of total count
                 A         B        C        D         E       F
            +---------+---------+-------+---------+---------+-------
      Total |      30 |       1 |   3.2 |      18 |       1 |   5.3
            +---------+---------+-------+---------+---------+-------
        D:1 |      30 |       1 |   3.2 |      18 |       1 |   5.3
            +---------+---------+-------+---------+---------+-------
